 Dungeon Sprint DCSS version 0.20-a0-1127-g1289703 (webtiles) character file.

3539 potatolord6000 the Fighter (level 9, -3/91 HPs)
             Began as a Centaur Fighter on May 18, 2017.
             Was an Initiate of Gozag.
             Slain by a crocodile (10 damage)
             ... in the Dungeon (Sprint IX: "|||||||||||||||||||||||||||||").
             The game lasted 00:04:45 (1104 turns).

potatolord6000 the Fighter (Centaur Fighter)        Turns: 1104, Time: 00:04:46

Health: -3/91      AC: 14    Str: 21    XL:     9   Next: 82%
Magic:  9/9        EV:  4    Int: 10    God:    Gozag
Gold:   190        SH:  0    Dex: 13    Spells: 8/8 levels left

rFire    . . .     SeeInvis +   n - +4 dire flail (crush)
rCold    . . .     Gourm    .   (shield currently unavailable)
rNeg     . . .     Faith    .   c - +0 plate armour
rPois    .         Spirit   .   r - +1 helmet {SInv}
rElec    .         Reflect  .   (no cloak)
rCorr    .         Harm     .   (no gloves)
MR       .....     NoTele   +   (no barding)
Stlth    ..........             (no amulet)
Regen    0.3/turn               b - +3 ring of intelligence
MPRegen  0.2/turn               o - +3 ring of dexterity

@: lethally poisoned (-3 -> -7), gold aura, very quick
A: hooves 3, deformed body, speed 2, tough skin 3
a: Potion Petition, Call Merchant, Bribe Branch, Renounce Religion


You were in the Dungeon.
You worshipped Gozag.
Gozag was aware of your devotion.
You were hungry.

You visited 1 branch You collected 1755 gold pieces.
You spent 401 gold pieces at shops.
You paid 1164 gold pieces to Gozag.

Inventory:

Hand Weapons
 d - the +1 hand crossbow "Cekkat" {penet, Str+6 Int+4 Dex+2}
   (You bought it in a shop in the Dungeon)

   Ammo fired by it will pass through the targets it hits, potentially hitting
   all targets in its path until it reaches maximum range.
   It affects your strength (+6).
   It affects your intelligence (+4).
   It affects your dexterity (+2).
 n - a +4 dire flail of crushing (weapon)
Armour
 a - a +0 helmet
 c - a +0 plate armour (worn)
 r - a +1 helmet of see invisible (worn)
Jewellery
 b - a +3 ring of intelligence (left hand)
 o - a +3 ring of dexterity (right hand)
Scrolls
 k - 2 scrolls of blinking
 l - 3 scrolls of remove curse
 m - 2 scrolls of amnesia
 p - a scroll of identify
 q - 2 scrolls of fear
 s - a scroll of fog
Potions
 e - 4 potions of curing
 g - 3 potions of resistance
 h - a potion of agility
 i - 4 potions of magic
 j - 2 potions of berserk rage
Comestibles
 f - a bread ration


   Skills:
 + Level 12.5 Fighting
 + Level 11.3 Maces & Flails
 + Level 8.0 Crossbows
 + Level 9.9 Armour
   Level 4.0 Shields


You had 8 spell levels left.
You didn't know any spells.

Dungeon Overview and Level Annotations

Branches:
Dungeon (1/1)

Altars:
Cheibriados
Dithmenos
Elyvilon
Fedhas
Gozag
Hepliaklqana
Kikubaaqudgha
Makhleb
Nemelex Xobeh
Okawaru
Qazlal
Ru
Sif Muna
Trog
Uskayaw
Vehumet
Wu Jian
Xom
Yredelemnul
Zin
The Shining One
Beogh
Jiyva
Lugonu

Shops:
D [(


Innate Abilities, Weirdness & Mutations

You have hooves in place of feet.
Armour fits poorly on your strangely shaped body.
You cover ground very quickly.
You have extremely tough skin. (AC +3)


Message History

Unknown command.
You hit the crocodile. Your kick misses the crocodile.
The crocodile is moderately wounded.
You feel sick. The crocodile bites you!
* * * LOW HITPOINT WARNING * * *
Your plate armour prevents you from hitting the crocodile.
The crocodile is moderately wounded.
You feel sick. The crocodile bites you.
* * * LOW HITPOINT WARNING * * *
Unknown command.
Unknown command.
You closely miss the crocodile.
You kick the crocodile, but do no damage.
The crocodile is moderately wounded.
Unknown command.
You completely miss the crocodile.
The crocodile is moderately wounded.
You feel sick. The crocodile bites you!
You die...
Your body crumbles into a pile of gold.

▓▓▓▓▓▓▓▓▓▓▓▓▓▓▓▓▓▓▓▓▓▓▓▓▓▓▓▓▓▓▓▓▓
'________________________'../).[[
▓▓▓▓▓▓▓▓▓▓▓▓▓▓▓▓▓▓▓▓▓▓▓▓▓▓▓▓▓▓▓▓▓
.................................
▓▓▓▓▓▓▓▓▓▓▓▓▓▓▓▓▓▓▓▓▓▓▓▓▓▓▓▓▓▓▓▓▓
.....'.....∩...$@t......
▓▓▓▓▓▓▓▓▓▓▓▓▓▓▓▓▓▓▓▓▓▓▓▓


$$$$$$$$$$$ $$$$$$$$$$$$ $$$$$ $ You could see a crocodile.

Vanquished Creatures
  5 spiny frogs (D)
  A tengu conjurer (D)
  A troll (D)
  A yak (D)
  2 basilisks (D)
  2 water moccasins (D)
  A sky beast (D)
  2 wolves (D)
  5 crocodiles (D)
  3 bullfrogs (D)
  2 scorpions (D)
  A howler monkey (D)
  A crimson imp (D)
  A jelly (D)
  A worker ant (D)
  An adder (D)
  A shadow imp (D)
  A leopard gecko (D)
  A giant cockroach (D)
  A hobgoblin (D)
  A quokka (D)
  A ball python (D)
  A goblin (D)
  A leopard gecko skeleton (D)
  A rat (D)
39 creatures vanquished.

Notes
Turn   | Place    | Note
-------+----------+-------------------------------------------
     0 | D        | potatolord6000 the Centaur Fighter began the quest for the Orb.
     0 | D        | Reached XP level 1. HP: 19/19 MP: 1/1
    38 | D        | Noticed a scorpion
    38 | D        | Noticed a worker ant
    47 | D        | Reached XP level 2. HP: 27/27 MP: 2/2
    54 | D        | Killed a scorpion
    54 | D        | Reached skill level 4 in Fighting
    54 | D        | Reached XP level 3. HP: 35/35 MP: 3/3
    59 | D        | Reached skill level 5 in Fighting
    59 | D        | Reached XP level 4. HP: 32/42 MP: 4/4
    74 | D        | Found a roughly hewn altar of Beogh.
    74 | D        | Found a snail-covered altar of Cheibriados.
    74 | D        | Found a shadowy altar of Dithmenos.
    74 | D        | Found a white marble altar of Elyvilon.
    74 | D        | Found a blossoming altar of Fedhas.
    74 | D        | Found an opulent altar of Gozag.
    75 | D        | Found a hazy altar of Hepliaklqana.
    76 | D        | Found a viscous altar of Jiyva.
    77 | D        | Found an ancient bone altar of Kikubaaqudgha.
    78 | D        | Found a corrupted altar of Lugonu.
    79 | D        | Found a burning altar of Makhleb.
    80 | D        | Found a sparkling altar of Nemelex Xobeh.
    81 | D        | Found an iron altar of Okawaru.
    82 | D        | Became a worshipper of Gozag Ym Sagoz the Greedy
    83 | D        | Found a stormy altar of Qazlal.
    84 | D        | Found a sacrificial altar of Ru.
    85 | D        | Found a deep blue altar of Sif Muna.
    86 | D        | Found a bloodstained altar of Trog.
    87 | D        | Found a hide-covered altar of Uskayaw.
    88 | D        | Found a radiant altar of Vehumet.
    89 | D        | Found an ornate altar of the Wu Jian Council.
    90 | D        | Found a shimmering altar of Xom.
    91 | D        | Found a basalt altar of Yredelemnul.
    92 | D        | Found a glowing silver altar of Zin.
    93 | D        | Found a glowing golden altar of the Shining One.
   212 | D        | Noticed a sky beast
   212 | D        | Noticed a bullfrog
   226 | D        | HP: 1/42 [sky beast (5)]
   235 | D        | HP: 1/42 [sky beast (5)]
   239 | D        | Killed a sky beast
   239 | D        | Reached skill level 6 in Fighting
   239 | D        | Reached skill level 5 in Maces & Flails
   239 | D        | Reached skill level 5 in Armour
   239 | D        | Reached XP level 5. HP: 18/51 MP: 5/5
   241 | D        | Reached skill level 7 in Fighting
   248 | D        | Reached XP level 6. HP: 23/60 MP: 6/6
   472 | D        | Noticed a basilisk
   472 | D        | Noticed a tengu conjurer
   472 | D        | Noticed a troll
   475 | D        | Reached skill level 8 in Fighting
   481 | D        | Killed a basilisk
   481 | D        | Reached skill level 9 in Fighting
   481 | D        | Reached XP level 7. HP: 70/70 MP: 7/7
   494 | D        | Killed a tengu conjurer
   505 | D        | Killed a troll
   505 | D        | Reached skill level 10 in Fighting
   505 | D        | Reached XP level 8. HP: 39/80 MP: 8/8
   529 | D        | Bought a crude hand crossbow for 187 gold pieces
   529 | D        | Identified the cursed +1 hand crossbow "Cekkat" {penet, Str+6 Int+4 Dex+2} (You bought it in a shop in the Dungeon)
   752 | D        | Noticed a spiny frog
   752 | D        | Noticed a spiny frog
   752 | D        | Noticed a spiny frog
   754 | D        | Killed a spiny frog
   762 | D        | Killed a spiny frog
   762 | D        | Reached skill level 11 in Fighting
   765 | D        | Reached skill level 10 in Maces & Flails
   769 | D        | Killed a spiny frog
   769 | D        | Reached skill level 5 in Crossbows
   769 | D        | Reached XP level 9. HP: 17/89 MP: 9/9
   807 | D        | Bought a +1 helmet of see invisible for 214 gold pieces
  1073 | D        | Noticed a spiny frog
  1075 | D        | Reached skill level 12 in Fighting
  1080 | D        | Noticed a spiny frog
  1087 | D        | Killed a spiny frog
  1100 | D        | Killed a spiny frog
  1104 | D        | Slain by a crocodile

Vault maps used:
D:        linesprint

Skill      XL: |  1  2  3  4  5  6  7  8  9 |
---------------+----------------------------+-----
Maces & Flails | 2 3 5 6 7 9 10 11 | 11.3
Fighting       | 4 5 6 7 9 10 11 12 | 12.5
Armour         | 3 5 6 7 9 |  9.9
Shields        | 3 4 |  4.0
Crossbows      | 5 8 |  8.0

Action                   |  1- 3 |  4- 6 |  7- 9 || total
-------------------------+-------+-------+-------++-------
Melee: Flail             |    47 |     9 |       ||    56
       Kick              |     7 |    12 |    22 ||    41
       Dire flail        |       |    40 |    64 ||   104
Invok: Call Merchant     |       |       |     2 ||     2
       Potion Petition   |       |       |     1 ||     1
  Use: Potion            |     1 |     4 |     2 ||     7
       Scroll            |       |       |     3 ||     3
 Stab: Invisible         |       |     2 |       ||     2
Armor: Scale mail        |    18 |     2 |       ||    20
       Plate armour      |       |    20 |    34 ||    54
Dodge: Dodged            |    11 |     9 |     9 ||    29
Block: Shield            |    21 |     1 |       ||    22
